| TOP OF THE 1ST |
|
Hamilton Cardinals batting - Pitching for Southern Maryland Blue Crabs : RHP Paul Holder
|
|
Pitching: RHP Paul Holder
|
|
|
Batting: RHB Jonathan Winkler
|
0-0: Ball 1-0: Ball 2-0: Called Strike 2-1: Ball 3-1: Foul Ball, location: 2F 3-2: Foul Ball, location: 2F 3-2: Foul Ball, location: 2F 3-2: Strikes out swinging
|
|
Batting: RHB Juan Carrillo
|
0-0: Ball 1-0: Ball 2-0: Foul Ball, location: 2F 2-1: Ball 3-1: Fly out, F8 (Flyball, 8RD, EV 98.8 MPH)
|
|
Batting: RHB Pablo Nunez
|
0-0: Ball 1-0: Ball 2-0: Ball 3-0: Fly out, F8 (Flyball, 8LD, EV 95.6 MPH)
|
| Top of the 1st over - 0 runs, 0 hits, 0 errors, 0 left on base; Hamilton 0 - Southern Maryland 0 |
| BOTTOM OF THE 1ST |
|
Southern Maryland Blue Crabs batting - Pitching for Hamilton Cardinals : RHP Jae-hong Kym
|
|
Pitching: RHP Jae-hong Kym
|
|
|
Batting: LHB Stu Proulx
|
0-0: Called Strike 0-1: Ball 1-1: Foul Ball, location: 2F 1-2: Ball 2-2: SOLO HOME RUN (Flyball, 9D, EV 93.8 MPH), Distance : 375 ft
|
|
Batting: RHB Josh Ludwig
|
0-0: Ball 1-0: Bunt - Flyout to P! F1
|
|
Batting: LHB Sam Hontz
|
0-0: Ball 1-0: Fly out, F8 (Flyball, 8RM, EV 84.4 MPH)
|
|
Batting: RHB Eddie Morin
|
0-0: Called Strike 0-1: Ball 1-1: Ground out 6-3 (Groundball, 6, EV 106.2 MPH)
|
| Bottom of the 1st over - 1 run, 1 hit, 0 errors, 0 left on base; Hamilton 0 - Southern Maryland 1 |
| TOP OF THE 2ND |
|
Hamilton Cardinals batting - Pitching for Southern Maryland Blue Crabs : RHP Paul Holder
|
|
Batting: RHB Kyle Franken
|
0-0: Fly out, F8 (Flyball, 8RS, EV 83.1 MPH)
|
|
Batting: LHB Rafael Banda
|
0-0: Ball 1-0: Swinging Strike 1-1: Ball 2-1: Foul Ball, location: 2F 2-2: Foul Ball, location: 2F 2-2: Strikes out swinging
|
|
Batting: RHB Dan Wages
|
0-0: Ground out 6-3 (Groundball, 56, EV 85.6 MPH)
|
| Top of the 2nd over - 0 runs, 0 hits, 0 errors, 0 left on base; Hamilton 0 - Southern Maryland 1 |
| BOTTOM OF THE 2ND |
|
Southern Maryland Blue Crabs batting - Pitching for Hamilton Cardinals : RHP Jae-hong Kym
|
|
Batting: SHB John Hiles
|
0-0: Ball 1-0: Ball 2-0: Called Strike 2-1: Called Strike 2-2: Ball 3-2: Strikes out swinging
|
|
Batting: LHB Taylor Plummer
|
0-0: SINGLE (Line Drive, 7S, EV 88.8 MPH)
|
|
Batting: RHB Tyler Cohen
|
0-0: Ball 1-0: Called Strike 1-1: Ball 2-1: Ball 3-1: Base on Balls Taylor Plummer to second
|
|
Batting: RHB Willie Carmona
|
0-0: Swinging Strike 0-1: Fly out, F8 (Line Drive, 8LM, EV 93.8 MPH)
|
|
Batting: RHB David Gomez
|
0-0: Ball 1-0: Ball 2-0: Swinging Strike 2-1: Fielders Choice at 2nd, U4 (Groundball, 4M, EV 85.0 MPH)
|
| Bottom of the 2nd over - 0 runs, 1 hit, 0 errors, 2 left on base; Hamilton 0 - Southern Maryland 1 |
| TOP OF THE 3RD |
|
Hamilton Cardinals batting - Pitching for Southern Maryland Blue Crabs : RHP Paul Holder
|
|
Batting: SHB Jae-hong Kym
|
0-0: Ball 1-0: Ground out 4-3 (Groundball, 4, EV 86.9 MPH)
|
|
Batting: RHB Oscar Higareda
|
0-0: Called Strike 0-1: Foul Ball, location: 2F 0-2: Ball 1-2: Strikes out swinging
|
|
Batting: SHB Brad Meyer
|
0-0: Foul Ball, location: 2F 0-1: Called Strike 0-2: Foul Ball, location: 2F 0-2: Fly out, F7 (Line Drive, 7, EV 88.1 MPH)
|
| Top of the 3rd over - 0 runs, 0 hits, 0 errors, 0 left on base; Hamilton 0 - Southern Maryland 1 |
| BOTTOM OF THE 3RD |
|
Southern Maryland Blue Crabs batting - Pitching for Hamilton Cardinals : RHP Jae-hong Kym
|
|
Batting: LHB Stu Proulx
|
0-0: Called Strike 0-1: Ball 1-1: Fly out, F9 (Flyball, 89M, EV 88.1 MPH)
|
|
Batting: RHB Josh Ludwig
|
0-0: Called Strike 0-1: Fly out, F9 (Flyball, 9D, EV 103.8 MPH)
|
|
Batting: LHB Sam Hontz
|
0-0: Ball 1-0: Foul Ball, location: 2F 1-1: Foul Ball, location: 2F 1-2: Strikes out swinging
|
| Bottom of the 3rd over - 0 runs, 0 hits, 0 errors, 0 left on base; Hamilton 0 - Southern Maryland 1 |
| TOP OF THE 4TH |
|
Hamilton Cardinals batting - Pitching for Southern Maryland Blue Crabs : RHP Paul Holder
|
|
Batting: RHB Jonathan Winkler
|
0-0: Ball 1-0: Ball 2-0: Ball 3-0: Called Strike 3-1: Foul Ball, location: 2F 3-2: Foul Ball, location: 2F 3-2: SINGLE (Groundball, 4MD, EV 104.4 MPH)
|
|
Batting: RHB Juan Carrillo
|
0-0: Ball 1-0: SINGLE (Groundball, 25, EV 61.2 MPH) (infield hit) Jonathan Winkler to second
|
|
Batting: RHB Pablo Nunez
|
0-0: Ball 1-0: SINGLE (Line Drive, 56D, EV 98.1 MPH) Jonathan Winkler to third Juan Carrillo to second Runner from 3rd tries for Home, throw by LF and OUT! 7-2
|
|
Batting: RHB Kyle Franken
|
0-0: Called Strike 0-1: Foul Ball, location: 2F 0-2: Ball 1-2: Ball 2-2: Foul Ball, location: 2F 2-2: Ball 3-2: Fly out, F9 (Line Drive, 89S, EV 108.8 MPH)
|
|
Batting: LHB Rafael Banda
|
0-0: Called Strike 0-1: Ball 1-1: Ball 2-1: Called Strike 2-2: Strikes out swinging
|
| Top of the 4th over - 0 runs, 3 hits, 0 errors, 2 left on base; Hamilton 0 - Southern Maryland 1 |
| BOTTOM OF THE 4TH |
|
Southern Maryland Blue Crabs batting - Pitching for Hamilton Cardinals : RHP Jae-hong Kym
|
|
Batting: RHB Eddie Morin
|
0-0: Called Strike 0-1: Ball 1-1: DOUBLE (Line Drive, 8LD, EV 105.0 MPH)
|
|
Batting: SHB John Hiles
|
0-0: Called Strike 0-1: Ball 1-1: Swinging Strike 1-2: Ball 2-2: Strikes out swinging
|
|
Batting: LHB Taylor Plummer
|
0-0: Ball 1-0: Called Strike 1-1: Fly out, F8 (Flyball, 8RD, EV 100.6 MPH)
|
|
Batting: RHB Tyler Cohen
|
0-0: Called Strike 0-1: Called Strike 0-2: Strikes out swinging
|
| Bottom of the 4th over - 0 runs, 1 hit, 0 errors, 1 left on base; Hamilton 0 - Southern Maryland 1 |
| TOP OF THE 5TH |
|
Hamilton Cardinals batting - Pitching for Southern Maryland Blue Crabs : RHP Paul Holder
|
|
Pitching: LHP Jeff Glover
|
|
|
Batting: RHB Dan Wages
|
0-0: Ball 1-0: Called Strike 1-1: Ball 2-1: Ball 3-1: Called Strike 3-2: Strikes out looking
|
|
Batting: SHB Jae-hong Kym
|
0-0: Ball 1-0: Called Strike 1-1: Ball 2-1: Called Strike 2-2: Strikes out looking
|
|
Batting: RHB Oscar Higareda
|
0-0: DOUBLE (Line Drive, 89D, EV 105.6 MPH)
|
|
Batting: SHB Brad Meyer
|
0-0: Foul Ball, location: 2F 0-1: Fly out, F4 (Popup, 34, EV 72.5 MPH)
|
| Top of the 5th over - 0 runs, 1 hit, 0 errors, 1 left on base; Hamilton 0 - Southern Maryland 1 |
| BOTTOM OF THE 5TH |
|
Southern Maryland Blue Crabs batting - Pitching for Hamilton Cardinals : RHP Jae-hong Kym
|
|
Batting: RHB Willie Carmona
|
0-0: Called Strike 0-1: Ball 1-1: Ball 2-1: Ball 3-1: Ground out 4-3 (Groundball, 4MS, EV 85.0 MPH)
|
|
Batting: RHB David Gomez
|
0-0: Ball 1-0: Fly out, F9 (Line Drive, 89M, EV 89.4 MPH)
|
|
Batting: LHB Stu Proulx
|
0-0: Ground out 4-3 (Groundball, 4MD, EV 108.1 MPH)
|
| Bottom of the 5th over - 0 runs, 0 hits, 0 errors, 0 left on base; Hamilton 0 - Southern Maryland 1 |
| TOP OF THE 6TH |
|
Hamilton Cardinals batting - Pitching for Southern Maryland Blue Crabs : LHP Jeff Glover
|
|
Batting: RHB Jonathan Winkler
|
0-0: Ball 1-0: Swinging Strike 1-1: Ball 2-1: Called Strike 2-2: Ball 3-2: Fly out, F8 (Flyball, 8RXD, EV 87.5 MPH)
|
|
Batting: RHB Juan Carrillo
|
0-0: Ball 1-0: Ball 2-0: Called Strike 2-1: Called Strike 2-2: Ball 3-2: Strikes out swinging
|
|
Batting: RHB Pablo Nunez
|
0-0: Ground out 6-3 (Groundball, 56, EV 76.9 MPH)
|
| Top of the 6th over - 0 runs, 0 hits, 0 errors, 0 left on base; Hamilton 0 - Southern Maryland 1 |
| BOTTOM OF THE 6TH |
|
Southern Maryland Blue Crabs batting - Pitching for Hamilton Cardinals : RHP Jae-hong Kym
|
|
Batting: RHB Josh Ludwig
|
0-0: Ball 1-0: Ball 2-0: Ball 3-0: Base on Balls
|
|
Batting: LHB Sam Hontz
|
0-0: Called Strike 0-1: Ball 1-1: Ball 2-1: Swinging Strike 2-2: Foul Ball, location: 2F 2-2: Ball 3-2: Fly out, F4 (Popup, 4S, EV 64.4 MPH)
|
|
Batting: RHB Eddie Morin
|
0-0: Swinging Strike 0-1: Foul Ball, location: 2F 0-2: Ball 1-2: Ball 2-2: Strikes out swinging
|
|
Pitching: RHP Morgan Phang
|
|
|
Batting: SHB John Hiles
|
0-0: Called Strike 0-1: Foul Ball, location: 2F 0-2: Ball 1-2: Strikes out swinging
|
| Bottom of the 6th over - 0 runs, 0 hits, 0 errors, 1 left on base; Hamilton 0 - Southern Maryland 1 |
| TOP OF THE 7TH |
|
Hamilton Cardinals batting - Pitching for Southern Maryland Blue Crabs : LHP Jeff Glover
|
|
Batting: RHB Kyle Franken
|
0-0: Fly out, F8 (Flyball, 8RM, EV 83.8 MPH)
|
|
Batting: LHB Rafael Banda
|
0-0: Called Strike 0-1: Swinging Strike 0-2: Strikes out swinging
|
|
Batting: RHB Dan Wages
|
0-0: Ball 1-0: Ball 2-0: Ball 3-0: Base on Balls
|
|
Batting: SHB Jae-hong Kym
|
0-0: Swinging Strike 0-1: SINGLE (Groundball, 56D, EV 104.4 MPH) Dan Wages to second Runner from 2nd tries for 3rd, OUT! 7-5
|
| Top of the 7th over - 0 runs, 1 hit, 0 errors, 1 left on base; Hamilton 0 - Southern Maryland 1 |
| BOTTOM OF THE 7TH |
|
Southern Maryland Blue Crabs batting - Pitching for Hamilton Cardinals : RHP Morgan Phang
|
|
Batting: LHB Taylor Plummer
|
0-0: Ball 1-0: Ball 2-0: Called Strike 2-1: Fly out, F8 (Line Drive, 8RD, EV 90.0 MPH)
|
|
Batting: RHB Tyler Cohen
|
0-0: Ground out 6-3 (Groundball, 6, EV 108.1 MPH)
|
|
Batting: RHB Willie Carmona
|
0-0: Swinging Strike 0-1: Ball 1-1: Foul Ball, location: 2F 1-2: Ball 2-2: Foul Ball, location: 2F 2-2: Foul Ball, location: 2F 2-2: Strikes out swinging
|
| Bottom of the 7th over - 0 runs, 0 hits, 0 errors, 0 left on base; Hamilton 0 - Southern Maryland 1 |
| TOP OF THE 8TH |
|
Hamilton Cardinals batting - Pitching for Southern Maryland Blue Crabs : LHP Jeff Glover
|
|
Pinch Hitting: LHB Pete Mitchell
|
0-0: Ball 1-0: Called Strike 1-1: Ball 2-1: Fly out, F8 (Line Drive, 8LM, EV 96.9 MPH)
|
|
Pinch Hitting: RHB Matt Shaw
|
0-0: SINGLE (Line Drive, 34D, EV 98.8 MPH)
|
|
Pitching: LHP Oliver Troiano
|
|
|
Batting: RHB Jonathan Winkler
|
0-0: Ball 1-0: SINGLE (Groundball, 56S, EV 70.6 MPH) (infield hit) Matt Shaw to second
|
|
Batting: RHB Juan Carrillo
|
0-0: Hit by Pitch Matt Shaw to third Jonathan Winkler to second
|
|
Batting: RHB Pablo Nunez
|
0-0: Ball 1-0: Swinging Strike 1-1: Swinging Strike 1-2: SINGLE (Groundball, 4, EV 90.6 MPH) (infield hit) Matt Shaw scores Jonathan Winkler to third Juan Carrillo to second
|
|
Batting: RHB Kyle Franken
|
0-0: Called Strike 0-1: Foul Ball, location: 2F 0-2: Ball 1-2: Fly out, F8 (Flyball, 89XD, EV 104.4 MPH) Runner from 3rd tags up, SCORES, no throw by CF Juan Carrillo to third
|
|
Batting: LHB Rafael Banda
|
0-0: Called Strike 0-1: Ground out U3 (Groundball, 3S, EV 90.6 MPH)
|
| Top of the 8th over - 2 runs, 3 hits, 0 errors, 2 left on base; Hamilton 2 - Southern Maryland 1 |
| BOTTOM OF THE 8TH |
|
Southern Maryland Blue Crabs batting - Pitching for Hamilton Cardinals : RHP Morgan Phang
|
|
Now at 1B: Diego Herrera
|
|
|
Now at 3B: Seung-kab Park
|
|
|
Batting: RHB David Gomez
|
0-0: Foul Ball, location: 2F 0-1: Ball 1-1: Called Strike 1-2: Strikes out swinging
|
|
Batting: LHB Stu Proulx
|
0-0: Swinging Strike 0-1: Ball 1-1: Ball 2-1: Fly out, F7 (Flyball, 78S, EV 96.2 MPH)
|
|
Batting: RHB Josh Ludwig
|
0-0: Foul Ball, location: 2F 0-1: Foul Ball, location: 2F 0-2: Strikes out swinging
|
| Bottom of the 8th over - 0 runs, 0 hits, 0 errors, 0 left on base; Hamilton 2 - Southern Maryland 1 |
| TOP OF THE 9TH |
|
Hamilton Cardinals batting - Pitching for Southern Maryland Blue Crabs : LHP Oliver Troiano
|
|
Batting: RHB Dan Wages
|
0-0: Called Strike 0-1: Ball 1-1: Swinging Strike 1-2: Ball 2-2: Strikes out swinging
|
|
Batting: SHB Jae-hong Kym
|
0-0: Ball 1-0: Ball 2-0: Ball 3-0: Called Strike 3-1: Swinging Strike 3-2: Strikes out swinging
|
|
Batting: RHB Seung-kab Park
|
0-0: Ground out 6-3 (Groundball, 6, EV 88.8 MPH)
|
| Top of the 9th over - 0 runs, 0 hits, 0 errors, 0 left on base; Hamilton 2 - Southern Maryland 1 |
| BOTTOM OF THE 9TH |
|
Southern Maryland Blue Crabs batting - Pitching for Hamilton Cardinals : RHP Morgan Phang
|
|
Pitching: RHP David Lopez
|
|
|
Batting: LHB Sam Hontz
|
0-0: Called Strike 0-1: Ball 1-1: SINGLE (Line Drive, 4D, EV 99.4 MPH)
|
|
Batting: RHB Eddie Morin
|
0-0: Foul Ball, location: 2F 0-1: Swinging Strike 0-2: Foul Ball, location: 2F 0-2: Ball 1-2: Strikes out swinging
|
|
Batting: SHB John Hiles
|
0-0: Ball 1-0: Ball 2-0: Foul Ball, location: 2F 2-1: Ball Wild Pitch! Sam Hontz to second 3-1: Called Strike 3-2: Strikes out looking
|
|
Batting: LHB Taylor Plummer
|
0-0: Fly out, F8 (Line Drive, 8LD, EV 93.8 MPH)
|
| Bottom of the 9th over - 0 runs, 1 hit, 0 errors, 1 left on base; Hamilton 2 - Southern Maryland 1 |
|